 Dungeon Crawl Stone Soup version 0.27-a0-998-g4cfe56dd59 (webtiles) character file.

Game seed: 12883496416129692025

289 spiderkeys the Skirmisher (level 6, -6/47 HPs)
             Began as a Mummy Artificer on Apr 17, 2021.
             Was a Believer of Jiyva.
             Mangled by a gnoll
             ... wielding a +0 halberd
              (8 damage)
             ... on level 5 of the Dungeon.
             The game lasted 00:09:37 (4202 turns).

spiderkeys the Skirmisher (Mummy Artificer)         Turns: 4202, Time: 00:09:37

Health: -6/47      AC: 11    Str: 14    XL:     6   Next: 9%
Magic:  10/10      EV: 12    Int: 13    God:    Jiyva [**....]
Gold:   66         SH:  0    Dex: 13    Spells: 11/11 levels left

rFire    . . .     SeeInvis .   i - +0 dagger (elec)
rCold    + . .     Faith    .   (no shield)
rNeg     + + +     Spirit   .   b - +1 leather armour
rPois    ∞         Reflect  .   (no helmet)
rElec    .         Harm     .   f - +2 cloak
rCorr    .         Rampage  .   (no gloves)
Will     .....                  (no boots)
Stlth    +.........             (no amulet)
HPRegen  0.15/turn              O - +4 ring of protection
MPRegen  0.12/turn              F - ring of protection from fire

@: no status effects
A: cold resistance 1, negative energy resistance 3, torment resistance 2,
unbreathing 1, heat vulnerability 1, no potions
a: Renounce Religion, Request Jelly


You were on level 5 of the Dungeon.
You worshipped Jiyva.
Jiyva was pleased with you.
You visited 1 branch of the dungeon, and saw 5 of its levels.

You collected 66 gold pieces.


Innate Abilities, Weirdness & Mutations

You are immune to poison.
Your flesh is cold resistant. (rC+)
You are immune to negative energy. (rN+++)
You are immune to unholy pain and torment.
You can survive without breathing.
You are vulnerable to heat. (rF-)
You do not drink.


   Skills:
 + Level 3.0 Fighting
 + Level 2.9 Armour
 + Level 2.5 Dodging
 - Level 1.1 Stealth
 + Level 3.0 Spellcasting
 - Level 2.5 Evocations


You had 11 spell levels left.
You didn't know any spells.
Your spell library was empty.

Inventory:

Hand Weapons
 a - a +0 club
 i - a +0 dagger of electrocution (weapon)
   (You took it off a kobold on level 2 of the Dungeon)
Missiles
 g - 131 stones
 j - 23 bolts
 m - 15 arrows
Armour
 b - a +1 leather armour (worn)
 f - a +2 cloak (worn)
   (You found it on level 1 of the Dungeon)
Jewellery
 F - a ring of protection from fire (right hand)
   (You found it on level 3 of the Dungeon)
 O - a +4 ring of protection (left hand)
   (You found it on level 2 of the Dungeon)
Wands
 c - a wand of flame (2) (quivered)
 d - a wand of charming (12)
Scrolls
 h - a scroll of magic mapping {!r}
 k - a scroll of identify {@r1}
Miscellaneous
 e - a piece from Xom's chessboard (14/15)

Dungeon Overview and Level Annotations

Branches:
Dungeon (5/15)
 Temple: D:4-7

Altars:
Jiyva

)......# #
.......# .g....#
... #.# #######Z#
.......Z#
################g#
#.............@yg#
#.################
#.# #.# #<# ###


You could see a gnoll shaman, a gnoll and a friendly killer bee (charmed).


Message History

The killer bee stings you but does no damage. x2 😕 MP[+1]
Your mp is fully restored (9).
You closely miss the killer bee. The killer bee closely misses you.
The killer bee stings you. 😕 HP[-4]
You take 4 damage, and now have 32/40 hp.
You hit the killer bee but do no damage.
The killer bee stings you. The killer bee misses you. 😮 HP[-4]
You take 4 damage, and now have 28/40 hp.
You are too injured to fight recklessly!
You are too injured to fight recklessly!
You are too injured to fight recklessly!
You are too injured to fight recklessly!
You hit the killer bee. The killer bee barely misses you.
The killer bee stings you. 😮 HP[-2]
You take 2 damage, and now have 26/40 hp.
You closely miss the killer bee. The killer bee barely misses you. x2
You miss the killer bee.
The killer bee stings you but does no damage.
The killer bee closely misses you. 😮 HP[+1]
You hit the killer bee but do no damage.
Lightning courses through the killer bee!
The killer bee closely misses you.
The killer bee stings you but does no damage.
You miss the killer bee. The killer bee stings you.
The killer bee barely misses you. 😮 HP[-1]
You take 1 damage, and now have 26/40 hp.
You miss the killer bee. The killer bee barely misses you.
The killer bee stings you but does no damage.
You hit the killer bee but do no damage.
Lightning courses through the killer bee!
You kill the killer bee!
The killer bee stings you.
Your Fighting skill increases to level 3!
Your Spellcasting skill increases to level 3!
You have reached level 6!
Your experience leads to an increase in your attributes!
Increase (S)trength, (I)ntelligence, or (D)exterity?
You feel clever. 😮 HP[+2] MP[+1]
You now have 47 max hp (+7).
You regained 2 hp, and now have 28/47 hp.
Your mp is fully restored (10).
You barely miss the killer bee. The killer bee completely misses you.
The killer bee stings you.
You barely miss the killer bee. The killer bee closely misses you.
The killer bee stings you. 😮 HP[-2]
You take 2 damage, and now have 26/47 hp.
You hit the killer bee.
Lightning courses through the killer bee!
The killer bee barely misses you. x2
You closely miss the killer bee.
The gnoll shouts!
You hear a shout! x2
The killer bee closely misses you. The killer bee misses you.
You barely miss the killer bee.
The killer bee stings you but does no damage.
The gnoll hits you from afar with a +0 halberd.
* * * LOW HITPOINT WARNING * * *
The killer bee stings you.
* * * LOW HITPOINT WARNING * * *
You hit the killer bee. The killer bee stings you.
* * * LOW HITPOINT WARNING * * *
The gnoll hits you from afar with a +0 halberd!
* * * LOW HITPOINT WARNING * * *
The killer bee barely misses you.
You miss the killer bee. The killer bee closely misses you.
The gnoll barely misses you. The killer bee stings you.
* * * LOW HITPOINT WARNING * * *
Unknown command.
Unknown command. 😱 HP[-23]
You take 23 damage, and now have 3/47 hp.
MASSIVE DAMAGE!! (PAUSE)
You closely miss the killer bee. The killer bee misses you.
The gnoll closely misses you. The killer bee stings you.
* * * LOW HITPOINT WARNING * * *
Unknown command.
You can't drink.
Okay, then.
You make a move on Xom's chessboard...
The killer bee resists with significant effort.
The killer bee barely misses you.
The gnoll hits you from afar with a +0 halberd.
* * * LOW HITPOINT WARNING * * *
The killer bee stings you but does no damage. 😱 HP[-1]
You take 1 damage, and now have 2/47 hp.
Unknown command.
Aiming: Charm
Press: ? - help, Shift-Dir - straight line, f - killer bee
Aim: a killer bee (almost dead, chance to affect: 62%)
The killer bee is charmed.
The gnoll hits you from afar with a +0 halberd!
You die...

Skill      XL: |  1  2  3  4  5 |
---------------+----------------+-----
Stealth        | 1 |  1.1
Dodging        | 1 2 |  2.5
Armour         | 2 |  2.9
Spellcasting   | 1 2 3 |  3.0
Fighting       | 2 3 |  3.0
Evocations     | |  2.5

Action                   |  1- 3 |  4- 6 || total
-------------------------+-------+-------++-------
Melee: Club              |   135 |       ||   135
       Dagger            |    73 |   113 ||   186
Invok: Request Jelly     |       |     1 ||     1
Evoke: Wand              |     8 |     8 ||    16
       Piece from Xom's  |       |     1 ||     1
  Use: Scroll            |     5 |     1 ||     6
Armor: Leather armour    |   116 |    66 ||   182
Dodge: Dodged            |   144 |   119 ||   263

Levels and vault maps discovered:
D:1:      dpeg_arrival_morbid_curiosity, layout_rooms, minmay_misc_feat_cross
D:2:      layout_basic, basic_ecumenical_altar
D:3:      layout_basic, feat_on_display
D:4:      layout_rooms
D:5:      layout_basic, uniq_crazy_yiuf_cottage

Notes
Turn   | Place    | Note
-------+----------+-------------------------------------------
     0 | D:1      | spiderkeys the Mummy Artificer began the quest for the Orb.
     0 | D:1      | Reached XP level 1. HP: 15/15 MP: 1/1
     0 | D:1      | magus.rc [v1.9.10]
   148 | D:1      | Reached skill level 1 in Stealth
   403 | D:1      | Reached skill level 1 in Dodging
   463 | D:1      | Reached XP level 2. HP: 21/21 MP: 2/2
   956 | D:1      | Reached skill level 2 in Armour
   956 | D:1      | Reached XP level 3. HP: 23/26 MP: 3/3
  1543 | D:2      | Reached skill level 1 in Spellcasting
  1647 | D:2      | Found a faded altar of an unknown god.
  1797 | D:2      | Became a worshipper of Jiyva Justroap the Shapeless
  1797 | D:2      | Reached * piety under Jiyva
  2253 | D:3      | Reached ** piety under Jiyva
  2360 | D:3      | Reached skill level 2 in Fighting
  2546 | D:3      | Reached XP level 4. HP: 33/33 MP: 5/5
  2805 | D:3      | HP: 6/33 [gnoll/+0 whip (4)]
  3295 | D:4      | Reached skill level 2 in Spellcasting
  3309 | D:4      | Reached skill level 2 in Dodging
  3332 | D:4      | Reached XP level 5. HP: 20/39 MP: 8/8
  3504 | D:5      | Entered Level 5 of the Dungeon
  3504 | D:5      | Noticed a black bear
  3505 | D:5      | HP: 9/39 [killer bee (9)]
  4193 | D:5      | Reached skill level 3 in Fighting
  4193 | D:5      | Reached skill level 3 in Spellcasting
  4193 | D:5      | Reached XP level 6. HP: 28/47 MP: 10/10
  4198 | D:5      | HP: 8/47 [gnoll/+0 halberd (7)]
  4199 | D:5      | HP: 3/47 [killer bee (5)]
  4202 | D:5      | Mangled by a gnoll

Vanquished Creatures
  A killer bee (D:5)
  A centaur zombie (D:5)
  A hound (D:5)
  A gnoll shaman (D:3)
  An iguana (D:5)
  6 gnolls
  An adder (D:2)
  2 dart slugs
  A worm (D:3)
  2 orcs
  8 bats
  5 endoplasms
  2 giant cockroaches (D:1)
  5 hobgoblins
  2 jackals (D:2)
  A quokka (D:4)
  7 ball pythons
  3 frilled lizards
  6 goblins
  5 kobolds
  5 rats
66 creatures vanquished.

Vanquished Creatures (others)
  A killer bee (D:4)
  2 jellies (D:4)
  A hound (D:4)
  A gnoll (D:4)
  An adder (D:4)
  2 endoplasms (D:4)
  2 orcs (D:4)
  A kobold (D:4)
  A quokka (D:2)
  A ball python (D:4)
  A rat (D:3)
  5 fungi (D:5)
19 creatures vanquished.

Grand Total: 85 creatures vanquished

Table legend:
 A = Non-vault XP
 B = Vault XP
 C = Vault XP percentage of total XP
 D = Non-vault monster count
 E = Vault monster count
 F = Vault count percentage of total count
                 A         B        C        D         E       F
            +---------+---------+-------+---------+---------+-------
      Total |     405 |       8 |   1.9 |      61 |       5 |   7.6
            +---------+---------+-------+---------+---------+-------
        D:1 |      44 |       8 |  15.4 |      26 |       5 |  16.1
        D:2 |      35 |       0 |   0.0 |      13 |       0 |   0.0
        D:3 |      68 |       0 |   0.0 |       7 |       0 |   0.0
        D:4 |      68 |       0 |   0.0 |      11 |       0 |   0.0
        D:5 |     190 |       0 |   0.0 |       4 |       0 |   0.0
            +---------+---------+-------+---------+---------+-------

Illustrated notes

Table legend:
 A = Kills in this place as a percentage of kills in entire the game.
 B = Kills by you in this place as a percentage of kills by you in the entire game.
 C = Kills by friends in this place as a percentage of kills by friends in the entire game.
 D = Other kills in this place as a percentage of other kills in the entire game.
 E = Experience gained in this place as a percentage of experience gained in the entire game.
 F = Experience gained in this place divided by the number of levels of this place that you have seen.
                   A       B       C       D       E      F
               +-------+-------+-------+-------+-------+----------------------
         Total | 100.0 | 100.0 |   N/A |   N/A | 100.0 |  82.6
       Dungeon | 100.0 | 100.0 |   N/A |   N/A | 100.0 |  82.6
               +-------+-------+-------+-------+-------+----------------------

Table legend: (Time is in decaauts)
 A = Elapsed time spent in this place.
 B = Non-inter-level travel time spent in this place.
 C = Inter-level travel time spent in this place.
 D = Time resting spent in this place.
 E = Time spent auto-exploring this place.
 F = Levels seen in this place.
 G = Mean time per level.
                   A        B        C        D        E       F      G
               +--------+--------+--------+--------+--------+-----+--------+
         Total |   4247 |   4054 |    193 |    415 |   2909 |   5 |  849.4 |
       Dungeon |   4247 |   4054 |    193 |    415 |   2909 |   5 |  849.4 |
               +--------+--------+--------+--------+--------+-----+--------+

Top non-repeatable levels by time:
     D:1: 1275 daAuts
     D:3: 1027 daAuts
     D:2: 922 daAuts
     D:4: 898 daAuts
     D:5: 122 daAuts
